Map: Backwater LE

Players

Subwayeatn

  • Race: Zerg Zerg
  • League: Platinum
  • Spawn Location: 11:00

Tizzle - Winner!

  • Race: Zerg Zerg
  • League: Diamond
  • Spawn Location: 5:00

VOD

Have the link to the VOD?

Description

Time

  • Played on: April 25, 2018, 12:21 a.m.
  • Length: 3:34
Show
View Real Time Build Order
Export as new Build Order

Subwayeatn Zerg 

Build Orders: Hatch First 

Get SALT Encoding   

  12  0:00  Drone  
  13  0:14  Overlord  
  13  0:18  Drone  
  14  0:33  Drone x2  
  16  0:51  Hatchery  
  16  0:55  Drone  
  16  0:59  Extractor  
  16  1:00  Drone  
  16  1:14  Spawning Pool  
  16  1:17  Drone  
  16  1:22  Drone  
  16  1:24  Drone  
  18  1:33  Overlord  
  18  1:40  Drone  
  19  1:51  Drone  
  20  2:04  Drone x2  
  20  2:06  Roach Warren  
  21  2:09  Queen  
  23  2:22  Spine Crawler  
  22  2:28  Drone  
  20  2:49  Queen  
  22  2:55  Drone x2  
  22  2:56  Drone  
  25  3:10  Drone  
Show
View Real Time Build Order
Export as new Build Order

Tizzle Zerg - Winner!

Build Orders: Pool First 

Get SALT Encoding   

  12  0:01  Drone  
  13  0:12  Overlord  
  13  0:17  Drone  
  14  0:30  Drone x2  
  16  0:44  Extractor, Spawning Pool  
  16  0:46  Drone  
  15  0:50  Drone  
  15  0:55  Drone  
  17  1:18  Hatchery  
  16  1:30  Queen  
  16  1:32  Zergling x2  
  19  1:36  Zergling x2  
  20  1:45  Metabolic Boost  
  20  1:52  Overlord  
  20  2:07  Queen  
  22  2:16  Baneling Nest  
  22  2:18  Drone  
  23  2:22  Drone  
  21  2:46  Zergling x4  
  21  2:47  Zergling x8  
  27  2:59  Drone x3  
  27  3:02  Drone  
  31  3:06  Drone  
  31  3:11  Drone  
  33  3:14  Drone  
  34  3:21  Drone  
Tags
 
Add a new tag
Caveats
  • Supply blocks, unpowered buildings, or Contaminate may cause inaccurate times.
  • Supply counts are checked every 10 seconds.